 Dungeon Crawl Stone Soup version 0.18.1-48-g4cf74bf (webtiles) character file.

26 Kisielow the Insei (level 3, -4/26 HPs)
             Began as a Merfolk Transmuter on June 26, 2016.
             Slain by a gnoll
             ... wielding a +2 halberd of protection
              (14 damage)
             ... on level 1 of the Dungeon.
             The game lasted 00:01:22 (916 turns).

Kisielow the Insei (Merfolk Transmuter)              Turns: 916, Time: 00:01:23

Health: -4/26      AC:  2    Str: 10    XL:     3   Next: 8%
Magic:  3/6        EV: 13    Int: 13    God:
Gold:   27         SH:  0    Dex: 14    Spells: 2 memorised, 2 levels left

rFire  . . .     SeeInvis .       - Unarmed
rCold  . . .     Gourm    .     b - +0 robe
rNeg   . . .     Faith    .     (no shield)
rPois  .         Spirit   .     (no helmet)
rElec  .         Dismiss  .     (no cloak)
rCorr  .         Reflect  .     (no gloves)
SustAt .         Harm     .     (no boots)
MR     .....                    (no amulet)
Stlth  +.........               (no ring)
                                (no ring)

@: very slightly contaminated, not resistant to hostile enchantments, very
unstealthy
A: change form in water, swift swim
a: no special abilities


You were on level 1 of the Dungeon.
You were not hungry.

You visited 1 branch of the dungeon, and saw 2 of its levels.

You collected 27 gold pieces.

Inventory:

Missiles
 a - 12 arrows
Armour
 b - a +0 robe (worn)
Scrolls
 e - 2 scrolls of magic mapping {unknown}
 g - a scroll of immolation {unknown}
 j - a scroll of remove curse {unknown}
 k - a scroll of identify {unknown}
 l - a scroll of recharging {unknown}
Potions
 i - a potion of heal wounds {unknown}
 m - a potion of resistance {unknown}
Books
 c - a book of Changes

   Spells                             Type                      Level
   a - Beastly Appendage              Transmutation                1
   b - Sticks to Snakes               Transmutation                2
   c - Spider Form                    Transmutation/Poison         3
   d - Ice Form                       Ice/Transmutation            4
   e - Blade Hands                    Transmutation                5
Comestibles
 d - 2 bread rations
 h - 4 fruits


   Skills:
 - Level 1.1 Fighting
 - Level 2.6 Dodging
 - Level 4.5 Unarmed Combat
 - Level 2.0 Spellcasting
 + Level 2.6 Transmutations
 * Level 0.0 Poison Magic


You had 2 spell levels left.
You knew the following spells:

 Your Spells              Type           Power        Failure   Level  Hunger
a - Beastly Appendage     Trmt           #.....       10%         1    ##.....
q - Spider Form           Trmt/Pois      #.........   52%         3    ####...


Dungeon Overview and Level Annotations

Branches:
Dungeon (2/15)

Altars:


Message History

What level of the Dungeon? (default 1, ? - help) Some of the chunks of flesh in your inventory have rotted away.
There is a stone staircase leading down here.
You climb downwards.
A goblin and 3 gnolls come into view.
The gnoll shouts! x3
There is a stone staircase leading up here.
The gnoll hits you from afar with a spear!
The gnoll hits you with a halberd of protection!
You climb upwards.
All of the chunks of flesh in your inventory have rotted away.
There is a stone staircase leading down here.
Cast which spell? (? or * to list)
You miscast Spider Form.
You are very lightly contaminated with residual magic.
Your skin tingles.
You hit the gnoll but do no damage.
The gnoll hits you with a halberd of protection!
Ouch! That really hurt!
You die...

##.#.##........#...#.......#>....
##.#.#...#...#.##.##.......######
##.#.#...##.##...................
##.#.##...........##.............
##.#......#.......##.............
.#.#.#..#.##......##.............
##.#.##...##......##.......####..
.#.#....###.......##.......# #.#
+#.###### #....g@.##.......# #..
.......####....#####.......## ###
..##.#....#....# #........## #.
..##.#.##.#....# ########..# #.
.....#.##.#....##### ###'###'
...###+##'#....#...# #.....#.
.................### ###'#.####
.................# #.'.#.#...
.................#######.#.#.#..<


You could see a gnoll.

Vanquished Creatures
  An ooze (D:1)
  A giant gecko (D:1)
  A bat (D:1)
  2 giant cockroaches (D:1)
  3 goblins (D:1)
  4 hobgoblins (D:1)
  A giant newt (D:1)
  3 kobolds (D:1)
  4 rats (D:1)
20 creatures vanquished.

Notes
Turn   | Place    | Note
--------------------------------------------------------------
     0 | D:1      | Kisielow the Merfolk Transmuter began the quest for the Orb.
     0 | D:1      | Reached XP level 1. HP: 15/15 MP: 3/3
   258 | D:1      | Reached XP level 2. HP: 15/21 MP: 5/5
   352 | D:1      | Reached skill level 4 in Unarmed Combat
   828 | D:1      | Reached XP level 3. HP: 21/26 MP: 6/6
   833 | D:1      | Learned a level 3 spell: Spider Form
   916 | D:1      | Slain by a gnoll

Skill      XL: |  1  2 |
---------------+-------+-----
Unarmed Combat | 4 |  4.5
Fighting       | |  1.1
Dodging        | |  2.6
Spellcasting   | |  2.0
Transmutations | |  2.6

Action                   || total
-------------------------++-------
Melee: Unarmed           ||    74
 Stab: Sleeping          ||     1
Armor: Robe              ||    11
Dodge: Dodged            ||    50
